 Dungeon Crawl Stone Soup version 0.28-a0-1033-g1a2f33fa85 (webtiles) character file.

Game seed: 8092967350735354965

161 mcbry74 the Shield-Bearer (level 5, -11/46 HPs)
             Began as a Hill Orc Fighter on Dec 7, 2021.
             Mangled by qborf's ghost (12 damage)
             ... on level 3 of the Dungeon.
             The game lasted 00:05:28 (1921 turns).

mcbry74 the Shield-Bearer (Hill Orc Fighter)        Turns: 1921, Time: 00:05:29

Health: -11/46     AC:  7    Str: 19    XL:     5   Next: 42%
Magic:  5/5        EV: 13    Int: 10    God:
Gold:   149        SH:  9    Dex: 10    Spells: 4/4 levels left

rFire   . . .      SeeInvis .   a - +0 war axe
rCold   . . .      Faith    .   c - +0 buckler
rNeg    . . .      Spirit   .   b - +0 scale mail
rPois   .          Reflect  +   (no helmet)
rElec   .          Harm     .   (no cloak)
rCorr   .          Rampage  .   (no gloves)
Will    .....                   (no boots)
Stlth   ..........              n - amulet of reflection
HPRegen 0.15/turn               o - +4 ring of evasion
MPRegen 0.09/turn               (no ring)

@: mighty
A: no striking features
a: no special abilities


You were on level 3 of the Dungeon.
You visited 1 branch of the dungeon, and saw 3 of its levels.

You collected 149 gold pieces.

Inventory:

Hand Weapons
 a - a +0 war axe (weapon)
Missiles
 g - 90 stones
 h - 20 sling bullets
 i - 36 poisoned darts (quivered)
 p - a throwing net
Armour
 b - a +0 scale mail (worn)
 c - a +0 buckler (worn)
 m - a +0 helmet
Jewellery
 n - an amulet of reflection (around neck)
 o - a +4 ring of evasion (left hand)
Scrolls
 j - 2 scrolls of teleportation {unknown}
 k - a scroll of fog {unknown}
 l - 3 scrolls of identify {unknown}
 q - a scroll of magic mapping {unknown}
Potions
 e - a potion of haste {unknown}
 f - a potion of heal wounds {unknown}
 r - a potion of berserk rage {unknown}


   Skills:
 - Level 4.0 Fighting
 + Level 3.9(4.6) Axes
 + Level 2.0(2.9) Maces & Flails
 + Level 2.1(3.0) Polearms
 + Level 4.0 Armour
 + Level 4.1 Shields


You had 4 spell levels left.
You didn't know any spells.
Your spell library contained the following spells:

 Spells                   Type           Power      Damage    Failure   Level
 Sublimation of Blood     Necr           0%         N/A       86%         2
 Petrify                  Tmut/Erth      0%         N/A       100%        4
 Irradiate                Conj/Tmut      0%         3d13      100%        5


Dungeon Overview and Level Annotations

Branches:
Dungeon (3/15)

Altars:
Nemelex Xobeh

Shops:
D:1 =

Annotations:
D:3 qborf's ghost, amateur FoFi


Message History

The giant cockroach bites you but does no damage.
You slash the giant cockroach!
You kill the giant cockroach!
You see here a giant cockroach corpse.
r - a smoky red potion You open the door.
There is an open door here.
Found a runed translucent door.
Found a scroll of immolation.
Qborf's ghost turns its malevolent gaze towards you.
The ogre shouts!
Okay, then.
Okay, then.
You open the door.
You feel very mighty all of a sudden. You block the ogre's attack.
Your scale mail prevents you from hitting the ogre.
You block the ogre's attack.
You completely miss the ogre. You block the ogre's attack.
You slash the ogre!
The ogre is heavily wounded.
The ogre hits you with a +0 giant spiked club!!
Ouch! That really hurt!
You slice the ogre!!
You kill the ogre!
Your Maces & Flails skill increases to level 2!
Your base Polearms skill increases to level 2!
Your Armour skill increases to level 4!
Your Shields skill increases to level 4!
You have reached level 5!
You feel stronger.
You closely miss qborf's ghost. You block qborf's ghost's attack.
You slice qborf's ghost!!
Qborf's ghost is heavily damaged.
Qborf's ghost barely misses you. Qborf's ghost hits you!
* * * LOW HITPOINT WARNING * * *
You hit qborf's ghost.
Qborf's ghost is heavily damaged.
Qborf's ghost hits you!
You die...

....#####.........#
........'..†......#
........#..)......#
........#.........#
........#.........#
....###.#.........#§§§#
.....##.#.........#§§§#
........######'#####§##
..#.....# #..@W....#
##.##...# #####....#
#.......# #...##
....##..###### #####
.#...........#
_............#
.....#.......#
..#.#........#
.............#


You could see qborf's ghost.

Vanquished Creatures
  An ogre (D:3)
  Terence (D:3)
  An adder (D:2)
  A worm (D:2)
  An orc (D:3)
  3 ball pythons
  2 endoplasms (D:1)
  3 giant cockroaches
  4 goblins
  A hobgoblin (D:3)
  4 kobolds
  A quokka (D:3)
  6 bats
  4 frilled lizards
  8 rats
41 creatures vanquished.

Notes
Turn   | Place    | Note
-------+----------+-------------------------------------------
     0 | D:1      | mcbry74 the Hill Orc Fighter began the quest for the Orb.
     0 | D:1      | Reached XP level 1. HP: 19/19 MP: 1/1
    79 | D:1      | Reached XP level 2. HP: 27/27 MP: 2/2
   416 | D:1      | Found Ytaytim's Jewellery Emporium.
   777 | D:2      | Reached XP level 3. HP: 33/33 MP: 3/3
   957 | D:2      | Reached skill level 1 in Maces & Flails
   995 | D:2      | Reached skill level 1 in Polearms
  1397 | D:3      | Found a faded altar of an unknown god.
  1710 | D:3      | Noticed Terence
  1720 | D:3      | Killed Terence
  1721 | D:3      | Reached XP level 4. HP: 39/40 MP: 4/4
  1790 | D:3      | Found a sparkling altar of Nemelex Xobeh.
  1903 | D:3      | Found a runed translucent door.
  1906 | D:3      | Noticed qborf's ghost (amateur FoFi)
  1906 | D:3      | Noticed an ogre
  1918 | D:3      | Killed an ogre
  1919 | D:3      | Reached XP level 5. HP: 16/46 MP: 5/5
  1920 | D:3      | HP: 1/46 [qborf's ghost (16)]
  1921 | D:3      | Mangled by qborf's ghost

Illustrated notes

Levels and vault maps discovered:
D:1:      ebering_hopf_link, layout_basic, serial_shops,
          nicolae_shop_statue_plus, minmay_pentomino_s2
D:2:      layout_rooms, serial_park_tiny_1
D:3:      layout_basic, nemelex_diamond_rough_becter, ebering_ghost_inner_flame,
          hellmonk_ecumenical_altar_blasted, uniq_terence

Skill      XL: |  1  2  3  4 |
---------------+-------------+-----
Axes           | 3 |  3.9
Maces & Flails | 1 2 |  2.0
Polearms       | 1 2 |  2.1
Fighting       | 4 |  4.0
Armour         | 4 |  4.0
Shields        | 4 |  4.1

Action                   |  1- 3 |  4- 6 || total
-------------------------+-------+-------++-------
Melee: War axe           |    90 |    33 ||   123
Throw: Dart              |    12 |       ||    12
  Use: Potion            |       |     1 ||     1
Armor: Scale mail        |    33 |    11 ||    44
Dodge: Dodged            |    32 |    27 ||    59
Block: Buckler           |    31 |    22 ||    53

Table legend: (Time is in decaauts)
 A = Elapsed time spent in this place.
 B = Non-inter-level travel time spent in this place.
 C = Inter-level travel time spent in this place.
 D = Time resting spent in this place.
 E = Time spent auto-exploring this place.
 F = Levels seen in this place.
 G = Mean time per level.
                   A        B        C        D        E       F      G
               +--------+--------+--------+--------+--------+-----+--------+
         Total |   1960 |   1904 |     56 |      3 |   1546 |   3 |  653.3 |
       Dungeon |   1960 |   1904 |     56 |      3 |   1546 |   3 |  653.3 |
               +--------+--------+--------+--------+--------+-----+--------+

Top non-repeatable levels by time:
     D:3: 825 daAuts
     D:1: 634 daAuts
     D:2: 499 daAuts
